 Dungeon Crawl Stone Soup version 0.15.1-3-g1b33baa (webtiles) character file.

401 Heini the Covered (level 6, -1/56 HPs)
             Began as a Minotaur Fighter on Oct 11, 2014.
             Was an Initiate of Okawaru.
             Slain by an ogre
             ... wielding a +0 giant club
              (18 damage)
             ... on Level 5 of the Dungeon.
             The game lasted 00:10:46 (3490 turns).

Heini the Covered (Minotaur Fighter)                Turns: 3490, Time: 00:10:47

HP  -1/56        AC  7     Str 23      XL: 6   Next: 54%
MP   3/3         EV  7     Int  5      God: Okawaru [......]
Gold 197         SH  9     Dex  9      Spells:  0 memorised,  5 levels left

rFire  x . .     SeeInvis .     a - +0 flail
rCold  + . .     Clarity  .     b - +0 scale mail
rNeg   . . .     rCorr    .     c - +0 shield
rPois  .         rRot     .     (helmet restricted)
rElec  .         Spirit   .     (no cloak)
SustAb .         Warding  .     (no gloves)
rMut   .         Stasis   .     (no boots)
Gourm  .                        (no amulet)
MR     .....                    j - ring of ice
                                h - cursed ring of loudness

@: lethally poisoned, not resistant to hostile enchantments, extremely
unstealthy
A: retaliatory headbutt, horns 2
a: Renounce Religion


You were on level 5 of the Dungeon.
You worshipped Okawaru.
Okawaru was noncommittal.
You were hungry.

You visited 2 branches of the dungeon, and saw 6 of its levels.

You collected 197 gold pieces.

Inventory:

Hand weapons
 a - a +0 flail (weapon)
Armour
 b - a +0 scale mail (worn)
 c - a +0 shield (worn)
Magical devices
 A - a wand of fire (12) {unknown}
Comestibles
 d - 4 bread rations
 f - a royal jelly
 i - 4 meat rations
 m - a beef jerky
Scrolls
 l - a scroll of teleportation
 n - a scroll of random uselessness
 s - 2 scrolls of identify
 t - a scroll of blinking
 x - a scroll of recharging
 y - 2 scrolls of remove curse
Jewellery
 h - a cursed ring of loudness (left hand)
 j - a ring of ice (right hand)
 k - an uncursed ring of magical power {unknown}
 u - a +1 ring of intelligence {unknown}
 v - a cursed -4 ring of protection {unknown}
Potions
 e - a potion of might
 g - 3 potions of curing
 o - a potion of poison {unknown}
 p - 2 potions of agility {unknown}
 q - a potion of heal wounds {unknown}
 r - a potion of haste {unknown}
 w - a potion of flight {unknown}
 z - a potion of brilliance {unknown}


   Skills:
 * Level 5.6 Fighting
 * Level 4.4 Maces & Flails
 * Level 5.9 Armour
 + Level 2.6 Dodging
 - Level 3.6 Shields


You had 5 spell levels left.
You didn't know any spells.

Dungeon Overview and Level Annotations

Branches:
Dungeon (5/15)             Temple (1/1) D:4

Altars:
Ashenzari
Dithmenos
Elyvilon
Kikubaaqudgha
Makhleb
Nemelex Xobeh
Okawaru
Qazlal
Sif Muna
Trog
Vehumet
Xom
Zin
The Shining One


Innate Abilities, Weirdness & Mutations

You reflexively headbutt those who attack you in melee.
You have a pair of horns on your head.


Message History

You feel sick.
The centaur unwields an uncursed shortbow of flaming.
It stops flaming.
The centaur closely misses you. You block the worker ant's attack.
You feel sick.
The centaur wields an uncursed shortbow of flaming.
It bursts into flame!
The centaur shoots an arrow.
The arrow hits you. The arrow burns you.
You see here an arrow.
You feel sick.
The centaur shoots an arrow.
The arrow closely misses you.
The worker ant bites you but does no damage.
Things that are here:
3 arrows; a bat corpse You feel sick.
The centaur shoots an arrow.
You block the arrow. The worker ant closely misses you.
You furiously retaliate!
You headbutt the worker ant.
There is a stone staircase leading up here.
You see here 4 arrows.
The ogre hits you with a giant club!!
You die...

... .. ...
#..#####.###
#..........#
#..........#+##
###....#......+##
#......c(.......#
#.##..#Oa........#
#....@((....<$.#
#.#..#.##....?.# #
#........###.
##...##### ......
####..# .... #..#
.>$


You could see an ogre, a centaur and a worker ant.

Vanquished Creatures
  A phantom (D:3)
  A giant frog skeleton (D:4)
  An orc priest (D:3)
  2 orc wizards
  A worker ant (D:4)
  2 adders
  4 gnolls (D:3)
  A giant mite (D:4)
  3 worms
  2 oozes (D:3)
  3 giant geckos
  15 orcs
  A giant cockroach (D:4)
  7 goblins
  4 hobgoblins
  14 jackals
  A ball python (D:1)
  15 bats
  4 giant newts
  10 kobolds
  5 rats
97 creatures vanquished.

Notes
Turn   | Place    | Note
--------------------------------------------------------------
     0 | D:1      | Heini, the Minotaur Fighter, began the quest for the Orb.
     0 | D:1      | Reached XP level 1. HP: 19/19 MP: 1/1
   126 | D:1      | Reached skill level 4 in Fighting
   362 | D:1      | Reached XP level 2. HP: 27/27 MP: 1/1
   907 | D:2      | Reached XP level 3. HP: 34/34 MP: 2/2
  1564 | D:3      | Reached XP level 4. HP: 37/41 MP: 2/2
  1614 | D:3      | Reached skill level 1 in Dodging
  1616 | D:3      | Reached skill level 5 in Fighting
  1771 | D:3      | Reached XP level 5. HP: 48/48 MP: 2/2
  1786 | D:3      | Found a deep blue altar of Sif Muna.
  1792 | D:3      | Found a radiant altar of Vehumet.
  1853 | D:3      | Reached skill level 5 in Armour
  2053 | D:3      | Found a glowing silver altar of Zin.
  2053 | D:3      | Found a glowing golden altar of the Shining One.
  2054 | D:3      | Found a white marble altar of Elyvilon.
  2279 | D:3      | Noticed a phantom
  2330 | D:3      | Killed a phantom
  2330 | D:3      | Reached XP level 6. HP: 23/56 MP: 3/3
  2464 | D:4      | Found a staircase to the Ecumenical Temple.
  2478 | Temple   | Entered the Ecumenical Temple
  2532 | Temple   | Became a worshipper of Warmaster Okawaru
  3125 | D:4      | Found a bloodstained altar of Trog.
  3474 | D:5      | Entered Level 5 of the Dungeon
  3490 | D:5      | Slain by an ogre

Action                   |  1- 3 |  4- 6 || total
-------------------------+-------+-------++-------
Melee: Flail             |   102 |   144 ||   246
  Use: Scroll            |     4 |     6 ||    10
  Eat: Chunk             |     2 |     6 ||     8
